Map: 애씨드 플랜트 - 래더

Players

Lambo

  • Race: Zerg Zerg
  • League: Master
  • Spawn Location: 5:00

LiquidTaeJa (TaeJa) - Winner!

  • Race: Terran Terran
  • League: Diamond
  • Spawn Location: 11:00

Event: HomeStory Cup XVIII

VOD

Have the link to the VOD?

Description

Time

  • Played on: Nov. 23, 2018, 3:50 p.m.
  • Length: 12:33

All games in this series

Show
View Real Time Build Order
Export as new Build Order

Lambo Zerg 

Build Orders: Hatch First 

Get SALT Encoding   

  12  0:00  Drone  
  13  0:12  Overlord  
  13  0:16  Drone  
  14  0:31  Drone x2  
  16  0:48  Hatchery  
  15  0:51  Drone  
  15  0:54  Drone  
  17  0:57  Drone  
  18  1:08  Extractor  
  17  1:13  Spawning Pool  
  17  1:17  Drone  
  17  1:20  Drone  
  18  1:27  Drone  
  19  1:38  Drone  
  20  1:49  Overlord  
  20  1:59  Queen x2  
  20  2:00  Zergling x4  
  26  2:09  Metabolic Boost  
  26  2:11  Drone x2  
  28  2:22  Drone x2  
  30  2:35  Hatchery  
  29  2:39  Drone  
  30  2:44  Queen  
  32  2:54  Overlord  
  32  2:56  Drone x2  
  34  3:00  Drone  
  34  3:03  Drone  
  36  3:08  Overlord  
  36  3:16  Drone x4  
  36  3:18  Drone  
  41  3:21  Queen  
  43  3:30  Drone  
  43  3:31  Queen, Drone  
  47  3:37  Drone x2  
  49  3:48  Zergling x2  
  49  3:49  Zergling x4  
  49  3:50  Queen  
  49  3:53  Overlord  
  49  3:55  Zergling x4  
  56  3:56  Drone x2  
  58  4:03  Overlord  
  58  4:08  Overlord  
  58  4:17  Drone, Spore Crawler  
  57  4:20  Queen, Overlord  
  57  4:22  Lair  
  57  4:23  Drone, Baneling Nest  
  59  4:24  Drone  
  59  4:27  Drone  
  59  4:28  Drone  
  59  4:29  Drone  
  59  4:30  Drone  
  64  4:35  Drone x3  
  64  4:38  Drone x2  
  69  4:40  Spore Crawler  
  69  4:43  Spore Crawler  
  69  4:45  Drone x2  
  69  4:47  Drone  
  69  4:50  Drone x2  
  72  4:52  Extractor  
  72  4:53  Extractor, Drone  
  72  4:56  Drone  
  72  4:58  Overlord  
  72  5:00  Drone x2  
  72  5:01  Drone  
  72  5:05  Drone x2  
  77  5:08  Overlord  
  77  5:09  Overlord  
  77  5:12  Evolution Chamber  
  76  5:15  Evolution Chamber  
  76  5:19  Drone x4  
  76  5:20  Drone  
  79  5:22  Overlord  
  79  5:24  Overseer  
  79  5:25  Overlord  
  79  5:26  Drone  
  80  5:30  Drone x3  
  80  5:31  Drone  
  80  5:34  Extractor  
  83  5:35  Drone  
  83  5:37  Drone x2  
  83  5:42  Drone x2  
  88  5:43  Zerg Ground Armor Level 1, Zerg Melee Weapons Level 1  
  88  5:46  Centrifical Hooks  
  88  5:48  Drone  
  89  5:51  Overlord  
  89  5:53  Drone x2  
  91  5:58  Extractor  
  91  6:01  Extractor  
  91  6:03  Drone x3  
  92  6:06  Drone x2  
  92  6:10  Hydralisk Den  
  93  6:12  Drone x3  
  93  6:15  Hatchery  
  93  6:17  Zergling x10  
  100  6:25  Overlord  
  100  6:26  Zergling x2  
  100  6:30  Zergling x8  
  101  6:43  Grooved Spines, Hydralisk x7  
  114  6:48  Hydralisk  
  116  6:54  Hydralisk x2  
  116  6:57  Drone  
  116  6:58  Drone  
  116  6:59  Drone x2  
  124  7:03  Drone  
  124  7:05  Spore Crawler  
  124  7:09  Pneumatized Carapace  
  124  7:13  Hydralisk x2  
  128  7:17  Baneling x3  
  128  7:18  Drone  
  128  7:19  Overlord  
  128  7:20  Overlord x2  
  129  7:24  Infestation Pit  
  129  7:29  Overlord x2  
  128  7:31  Overlord  
  128  7:32  Overlord  
  128  7:37  Queen  
  127  7:39  Overlord  
  127  7:42  Hydralisk  
  127  7:43  Zergling x24  
  143  7:48  Zerg Ground Armor Level 2  
  143  7:49  Zerg Missile Weapons Level 1  
  143  7:55  Muscular Augments  
  143  7:56  Overseer  
  143  8:02  Hydralisk x2  
  143  8:03  Zergling x8  
  151  8:06  Baneling x5  
  151  8:08  Hatchery  
  150  8:16  Drone x5  
  150  8:19  Extractor  
  150  8:20  Hydralisk x3  
  150  8:25  Hatchery  
  150  8:26  Zergling x16  
  163  8:30  Hive  
  163  8:31  Overlord  
  161  8:36  Zergling x8  
  165  8:41  Overlord  
  165  8:42  Overlord  
  165  8:47  Overlord  
  165  8:50  Overlord  
  165  8:54  Hydralisk x6  
  177  9:01  Hydralisk  
  177  9:02  Zergling x10  
  184  9:05  Overlord  
  184  9:09  Overlord  
  184  9:13  Zergling x14  
  184  9:14  Baneling x3  
  191  9:19  Overlord  
  188  9:25  Zergling x14  
  188  9:27  Overlord x2  
  188  9:29  Baneling x3  
  194  9:37  Overlord  
  193  9:46  Drone  
  193  9:47  Viper, Drone  
  193  9:52  Viper  
  196  9:57  Adrenal Glands  
  196  9:58  Ultralisk Cavern  
  196  9:59  Zerg Melee Weapons Level 2  
  197  10:06  Drone x3  
  197  10:07  Drone x2  
  198  10:24  Spire  
  198  10:25  Zergling x8  
  199  10:29  Baneling x11  
  199  10:37  Overseer  
  199  10:39  Baneling x8  
  195  10:43  Zergling x2  
  195  10:44  Zergling x14  
  199  11:01  Zergling x46  
  173  11:07  Hydralisk x4  
  173  11:09  Chitinous Plating  
  152  11:11  Baneling x4  
  152  11:12  Baneling x15  
  152  11:15  Zergling x18  
  155  11:24  Zergling x6  
  158  11:28  Zergling x2  
  158  11:31  Hydralisk, Hatchery  
  153  11:36  Ultralisk  
  153  11:38  Zergling x4  
  160  11:40  Hydralisk x2  
  160  11:45  Hydralisk  
  160  11:46  Zergling x4  
  168  11:48  Baneling x4  
  168  11:56  Zergling x2  
  168  11:57  Zergling x12  
  168  11:58  Baneling  
  171  12:02  Zergling x10  
  161  12:09  Zergling x10  
  161  12:14  Zergling x2  
  136  12:25  Spawning Pool  
Show
View Real Time Build Order
Export as new Build Order

LiquidTaeJa Terran - Winner!

Build Orders: Gas First Reaper Expand, Reaper Expand, Hellion Banshee 

Get SALT Encoding   

  12  0:00  SCV  
  13  0:12  SCV  
  14  0:17  Supply Depot  
  14  0:24  SCV  
  14  0:27  Refinery  
  15  0:38  SCV  
  16  0:44  Barracks  
  16  0:51  SCV  
  17  1:03  SCV  
  18  1:15  SCV  
  19  1:31  Reaper, Orbital Command  
  20  1:43  Command Center  
  20  1:54  Factory  
  20  1:58  SCV  
  21  2:04  Refinery  
  21  2:06  Barracks Reactor  
  21  2:10  SCV  
  22  2:17  Supply Depot  
  22  2:22  SCV  
  23  2:38  SCV  
  23  2:39  Starport  
  24  2:50  SCV  
  29  2:51  Hellion x2  
  29  2:58  Orbital Command  
  29  3:02  SCV  
  29  3:03  Marine  
  31  3:14  SCV  
  31  3:16  Viking  
  34  3:24  Hellion x2  
  34  3:26  SCV  
  39  3:29  SCV  
  40  3:36  Barracks Tech Lab  
  40  3:38  Supply Depot  
  40  3:39  SCV  
  40  3:41  SCV  
  42  3:51  SCV  
  42  3:53  SCV  
  42  3:54  Hellion  
  46  3:59  Cloaking Field  
  46  4:00  Hellion  
  46  4:01  Banshee  
  46  4:02  Supply Depot  
  51  4:04  SCV  
  51  4:07  Barracks Tech Lab, SCV  
  54  4:17  SCV  
  54  4:24  SCV  
  55  4:25  Command Center  
  55  4:30  SCV  
  56  4:32  Supply Depot  
  56  4:34  Stimpack  
  56  4:36  SCV  
  57  4:40  Factory Reactor  
  57  4:42  SCV  
  57  4:44  Banshee  
  61  4:48  SCV  
  62  4:54  Marine, SCV  
  62  5:00  SCV  
  62  5:03  Barracks x2  
  62  5:05  Engineering Bay  
  62  5:06  Engineering Bay, SCV  
  64  5:10  Supply Depot  
  64  5:12  SCV  
  65  5:15  Marine  
  65  5:18  SCV  
  67  5:24  SCV  
  67  5:26  Refinery x2  
  68  5:30  SCV  
  68  5:33  Marine  
  68  5:35  Terran Infantry Weapons Level 1, Terran Infantry Armor Level 1  
  70  5:37  SCV  
  70  5:38  Orbital Command  
  70  5:39  Starport Reactor  
  71  5:43  SCV  
  71  5:49  SCV  
  73  5:51  Marine x2  
  73  5:55  SCV  
  73  5:56  Barracks  
  76  5:58  Marine, Barracks  
  76  5:59  Marine x2  
  76  6:01  Siege Tank, SCV  
  83  6:07  SCV, Orbital Command  
  83  6:09  Marine  
  85  6:13  SCV  
  85  6:17  Supply Depot  
  85  6:18  Supply Depot, Marine  
  86  6:19  Marine x3, SCV  
  86  6:21  Medivac  
  93  6:38  Marine x2, Medivac  
  93  6:39  Siege Tank, SCV x2  
  103  6:40  SCV  
  103  6:41  Combat Shield  
  103  6:43  Armory  
  103  6:45  Marine x2  
  103  6:46  Barracks Reactor x2  
  105  6:51  Marine, SCV x2  
  105  6:52  SCV  
  109  6:54  Supply Depot  
  109  7:16  Supply Depot, Marine x5, SCV x3  
  109  7:17  Supply Depot  
  109  7:19  Supply Depot  
  117  7:24  Refinery  
  117  7:36  Marine, SCV  
  117  7:38  Marine x8, SCV x2  
  117  7:39  Siege Tank  
  117  7:41  Factory, Refinery  
  117  7:42  Supply Depot  
  130  7:45  Command Center  
  130  7:46  Medivac x2  
  130  7:48  SCV  
  130  7:50  SCV  
  136  7:53  Marine  
  136  7:55  Marine x2  
  136  7:56  Marine  
  140  8:00  Marine  
  140  8:02  Terran Infantry Armor Level 2, Terran Infantry Weapons Level 2  
  140  8:03  Terran Vehicle Weapons Level 1, Marine x2  
  140  8:04  Supply Depot  
  143  8:08  Supply Depot  
  143  8:10  Supply Depot, Marine x2  
  144  8:21  Marine x3, Siege Tank  
  144  8:25  Marine x2  
  144  8:26  Medivac x2  
  153  8:36  Marine x3  
  153  8:37  Marauder  
  153  8:38  Factory Tech Lab  
  153  8:39  Marine  
  153  8:41  Marine x2  
  161  8:44  Supply Depot x2  
  161  8:47  Barracks  
  161  8:48  Barracks  
  161  8:49  Barracks  
  161  8:54  Marine x5  
  166  8:57  Marine  
  166  8:58  Marine x2  
  166  8:59  Siege Tank, Sensor Tower  
  166  9:02  Siege Tank  
  174  9:12  Marine  
  174  9:13  Marine x3  
  174  9:15  SCV x3  
  174  9:16  Marauder  
  183  9:18  Planetary Fortress  
  182  9:32  Marine x3  
  182  9:37  Marauder  
  185  9:39  Siege Tank  
  185  9:40  Siege Tank, Barracks Tech Lab x2  
  185  9:41  Barracks Tech Lab  
  191  9:52  Missile Turret  
  191  9:53  Sensor Tower  
  191  9:55  Marine x3  
  191  9:57  Marine x3  
  191  9:59  Marauder, Terran Vehicle Weapons Level 2  
  199  10:06  Medivac x2  
  196  10:11  Siege Tank  
  196  10:13  Marine  
  197  10:44  Marauder  
  197  10:50  Marine x2  
  197  10:51  Missile Turret, Marauder x2  
  197  10:52  Ghost Academy  
  197  10:53  Liberator  
  200  11:00  Siege Tank x2  
  200  11:03  Marine x3, Marauder  
  166  11:05  Marine x3, Marauder  
  166  11:11  Marine x2  
  163  11:13  Refinery  
  163  11:15  Refinery  
  163  11:17  Command Center  
  164  11:27  Marine x2, Marauder x2  
  164  11:32  Marine x4  
  172  11:35  Marine x3  
  172  11:36  Marauder  
  175  11:45  Marine x2  
  177  11:48  Marine  
  177  11:49  Marauder  
  177  11:50  Marine x2  
  177  11:53  Missile Turret  
  184  11:54  Marauder  
  184  11:56  Marine  
  184  11:57  Marine x3, Marauder  
  184  11:58  Siege Tank x2  
  196  12:02  Marine  
  183  12:11  Marine x2, Marauder  
Tags
 
Add a new tag
Caveats
  • Supply blocks, unpowered buildings, or Contaminate may cause inaccurate times.
  • Supply counts are checked every 10 seconds.